 Dungeon Crawl Stone Soup version 0.19-a0-1532-g228a5d9 (webtiles) character file.

251 Amnesiac the Digger (level 5, 0/28 HPs)
             Began as a Deep Elf Earth Elementalist on Sept 13, 2016.
             Slain by Shenda's ghost (7 damage)
             ... on level 4 of the Dungeon.
             The game lasted 00:03:38 (1245 turns).

Amnesiac the Digger (Deep Elf Earth Elementalist)   Turns: 1245, Time: 00:03:39

Health: 0/28       AC:  2    Str:  5    XL:     5   Next: 88%
Magic:  11/11      EV: 13    Int: 20    God:
Gold:   104        SH:  0    Dex: 16    Spells: 3 memorised, 3 levels left

rFire  . . .     SeeInvis .     b - 13 stones
rCold  . . .     Gourm    +     c - +0 robe
rNeg   . . .     Faith    .     (no shield)
rPois  .         Spirit   .     (no helmet)
rElec  .         Dismiss  .     (no cloak)
rCorr  .         Reflect  .     (no gloves)
MR     .....     Harm     .     (no boots)
Stlth  ++........               n - amulet of the gourmand
                                (no ring)
                                (no ring)

@: no status effects
A: no striking features
a: no special abilities


You were on level 4 of the Dungeon.
You were not hungry.

You visited 1 branch of the dungeon, and saw 4 of its levels.

You collected 104 gold pieces.

Inventory:

Hand Weapons
 g - a +0 dagger
 t - the cursed +1 whip "Waecomiw" {drain, Str+5, unknown}
   (You found it on level 4 of the Dungeon)

   A truly terrible weapon, it drains the life of those it strikes.
   It affects your strength (+5).
   It has a curse placed upon it.
Missiles
 b - 13 stones (in hand)
Armour
 c - a +0 robe (worn)
Jewellery
 n - an amulet of the gourmand (around neck)
Scrolls
 f - a scroll of amnesia {unknown}
 h - a scroll of remove curse {unknown}
 k - a scroll of noise {unknown}
 m - a scroll of enchant weapon {unknown}
 o - a scroll of recharging {unknown}
 p - a scroll of enchant armour {unknown}
 r - a scroll of teleportation {unknown}
Potions
 i - a potion of cancellation {unknown}
 j - a potion of heal wounds {unknown}
 l - 2 potions of might {unknown}
 q - a potion of agility {unknown}
Books
 e - a book of Geomancy

   Spells                             Type                      Level
   a - Sandblast                      Earth                        1
   b - Passwall                       Transmutation/Earth          2
   c - Stone Arrow                    Conjuration/Earth            3
   d - Petrify                        Transmutation/Earth          4
   e - Lee's Rapid Deconstruction     Earth                        5
Comestibles
 a - a meat ration
 d - a bread ration
 s - a slice of pizza


   Skills:
 - Level 2.4 Dodging
 - Level 2.4 Stealth
 - Level 3.0 Spellcasting
 + Level 3.6 Transmutations
 - Level 6.3 Earth Magic


You had 3 spell levels left.
You knew the following spells:

 Your Spells              Type           Power        Failure   Level  Hunger
e - Petrify               Tmut/Erth      ###.....     21%         4    ####...
f - Sandblast             Erth           ####..       1%          1    None
v - Passwall              Tmut/Erth      ###.......   2%          2    ##.....


Dungeon Overview and Level Annotations

Branches:
Dungeon (4/15)
 Temple: D:4-7

Altars:
Fedhas
Ru

Portals:
Ossuary: D:4

Annotations:
D:4 Shenda's ghost, amateur FoFi


Message History

You see here a scale mail.
You see here a chain mail.
There is a stone staircase leading down here.
You climb downwards.
You hear the hiss of flowing sand.
There is an entrance to an ossuary on this level.
Hurry and find it before the portal is buried!
You hear the brisk hiss of a very distant avalanche of sand.
Level annotation: Shenda's ghost, amateur FoFi Shenda's ghost holds its blade at the ready.
There is a stone staircase leading up here.
Unknown command.
Found a dagger.
Found a bloodstained whip.
You see here a bloodstained whip.
t - a bloodstained whip Shenda's ghost hits you!
Ouch! That really hurt!
* * * LOW HITPOINT WARNING * * *
Shenda's ghost hits you!
You die...

###...##.##......#
###...##.##.####.##
).....##.#...###..#
####..##..........#
...........#'#....#
...........#.#....#
.###..##.###.###.##
.....##.+..∩..+.#
.###..##.###.###@#
#.......#.#.W.#
##.###...#+#...#
...............#
........#####..#
##.##.### #.## ..
... #.# ##.##. #.#
# #. ...


You could see Shenda's ghost.

Vanquished Creatures
  An ogre (D:4)
  A howler monkey (D:4)
  An orc priest (D:3)
  A worker ant (D:4)
  2 adders
  A howler monkey skeleton (D:4)
  An ooze (D:3)
  A worm (D:2)
  12 orcs (D:3)
  2 giant cockroaches (D:3)
  2 goblins (D:2)
  3 hobgoblins (D:3)
  2 bats (D:1)
  2 giant gecko skeletons (D:4)
  A giant newt (D:4)
  A rat (D:3)
34 creatures vanquished.

Notes
Turn   | Place    | Note
-------+----------+-------------------------------------------
     0 | D:1      | Amnesiac the Deep Elf Earth Elementalist began the quest for the Orb.
     0 | D:1      | Reached XP level 1. HP: 10/10 MP: 6/6
   139 | D:2      | Found a sacrificial altar of Ru.
   146 | D:2      | Reached skill level 4 in Earth Magic
   146 | D:2      | Reached XP level 2. HP: 15/15 MP: 5/8
   317 | D:3      | Reached XP level 3. HP: 19/19 MP: 0/9
   417 | D:3      | Learned a level 2 spell: Passwall
   520 | D:3      | Reached skill level 5 in Earth Magic
   580 | D:3      | Reached XP level 4. HP: 24/24 MP: 8/10
   602 | D:3      | Learned a level 4 spell: Petrify
   718 | D:3      | Found a blossoming altar of Fedhas.
   962 | D:4      | Reached skill level 6 in Earth Magic
   962 | D:4      | Reached XP level 5. HP: 28/28 MP: 7/11
   996 | D:4      | Noticed an ogre
  1022 | D:4      | Killed an ogre
  1077 | D:4      | Found a sand-covered staircase.
  1107 | D:4      | Noticed Shenda's ghost (amateur FoFi)
  1237 | D:4      | Got a bloodstained whip
  1245 | D:4      | Slain by Shenda's ghost

Vault maps used:
D:1:      dpeg_arrival_rhombi, minmay_tromino_i2
D:2:      nemelex_xobeh_ov_fountains_minmay, nicolae_overflow_crystal_walls,
          ecumenical_altar_2
D:3:      lemuel_crystal_altar
D:4:      nicolae_ossuary_entry_plus, uniq_robin, uniq_natasha

Skill      XL: |  1  2  3  4  5 |
---------------+----------------+-----
Earth Magic    | 4 5 6 |  6.3
Transmutations | 3 |  3.6
Dodging        | |  2.4
Stealth        | |  2.4
Spellcasting   | |  3.0

Action                   |  1- 3 |  4- 6 || total
-------------------------+-------+-------++-------
 Cast: Sandblast         |    26 |    36 ||    62
  Eat: Chunk             |       |     2 ||     2
Armor: Robe              |       |     1 ||     1
Dodge: Dodged            |     6 |     5 ||    11
